 Dungeon Crawl Stone Soup version 0.31.0-11-ge490571c62 (webtiles) character file.

Game seed: 16075986996318592511

527 Yore the Trooper (level 7, 0/48 HPs)
             Began as a Gargoyle Fighter on Jan 27, 2024.
             Slain by a troll (6 damage)
             ... on level 5 of the Dungeon.
             The game lasted 00:04:53 (3767 turns).

Yore the Trooper (Gargoyle Fighter)                 Turns: 3767, Time: 00:04:53

Health: 0/48       AC: 11    Str: 19    XL:     7   Next: 23%
Magic:  7/7        EV: 10    Int:  9    God:
Gold:   220        SH:  4    Dex: 11    Spells: 6/6 levels left

rFire   . . .        d - +1 flail (venom)
rCold   + . .        c - +0 buckler
rNeg    + . .        i - +1 ring mail {rC+}
rPois   ∞            (no helmet)
rElec   +            (no cloak)
rCorr   +            (no gloves)
SInv    .            (no boots)
Will    .....        (no amulet)
Stlth   +            n - ring of resist corrosion
HPRegen 0.28/turn    (no ring)
MPRegen 0.10/turn

%: no passive effects
@: studying Fighting
A: sickness immunity, AC +4, negative energy resistance 1, electricity
resistance, torment resistance 1, petrification resistance
a: no special abilities


You were on level 5 of the Dungeon.
You visited 1 branch of the dungeon, and saw 5 of its levels.

You collected 220 gold pieces.

Inventory:

Hand Weapons
 d - a +1 flail of venom (weapon)
Armour
 c - a +0 buckler (worn)
 i - a +1 ring mail of cold resistance (worn)
Jewellery
 n - a ring of resist corrosion (left hand)
 o - an amulet of the acrobat
Wands
 a - a wand of quicksilver (9)
Scrolls
 b - 4 scrolls of identify {unknown}
 k - a scroll of revelation {unknown}
 l - a scroll of brand weapon {unknown}
 p - a scroll of immolation {unknown}
 q - a scroll of blinking {unknown}
 r - 3 scrolls of teleportation {unknown}
 t - 2 scrolls of fear {unknown}
 v - a scroll of fog {unknown}
 x - a scroll of enchant weapon {unknown}
 y - 2 scrolls of acquirement {unknown}
Potions
 e - 2 potions of mutation {unknown}
 f - 2 potions of brilliance {unknown}
 g - 3 potions of heal wounds
 h - 2 potions of enlightenment {unknown}
 j - a potion of haste {unknown}
 m - 2 potions of magic {unknown}
 s - a potion of degeneration {unknown}
 u - a potion of invisibility {unknown}
 w - a potion of attraction {unknown}


   Skills:
 * Level 7.4 Fighting
 * Level 4.9 Maces & Flails
 + Level 4.7 Armour
 - Level 4.0 Shields


You had 6 spell levels left.
You didn't know any spells.
Your spell library contained the following spells:

 Spells                   Type           Power      Damage    Failure   Level
 Apportation              Tloc           0%         N/A       63%         1
 Necrotise                Necr           0%         1d4       63%         1
 Sting                    Conj/Alch      0%         1d3       63%         1
 Summon Small Mammal      Summ           0%         N/A       63%         1
 Petrify                  Alch/Erth      0%         N/A       100%        4
 Irradiate                Conj/Alch      0%         3d11      100%        5
 Sublimation of Blood     Necr           Unusable   N/A       N/A         2

Dungeon Overview and Level Annotations

Branches:
Dungeon (5/15)
 Temple: D:4-7

Altars:
Sif Muna
Zin

Shops:
D:2 (

Annotations:
D:3 Dig


Innate Abilities, Weirdness & Mutations

You are immune to sickness and miasma.
Your stone body is resilient. (AC +4)
You are immune to poison.
You resist negative energy. (rN+)
You are resistant to electric shocks. (rElec)
You are resistant to unholy torment.
You are immune to petrification.


Message History

The troll claws you. The troll bites you. The troll claws you.
The troll closely misses you.
You closely miss the troll.
The troll is lightly wounded.
The troll misses you.
The troll claws you but does no damage. x2
You closely miss the troll.
The troll is lightly wounded.
The troll closely misses you. You block the troll's attack.
The troll claws you.
You hit the troll.
The troll looks as sick as possible!
The troll is moderately wounded.
The troll bites you!
* * * LOW HITPOINT WARNING * * *
The troll completely misses you. You block the troll's attack.
The hound pauses to sniff the ground.
It was a potion of heal wounds.
You feel much better. The troll bites you. The troll misses you.
The troll claws you!
You sock the troll!
The troll looks as sick as possible!
The troll is severely wounded.
The troll barely misses you. The troll completely misses you.
The troll barely misses you.
A gnoll comes into view. It is wielding a +0 club.
You closely miss the troll.
The troll is severely wounded.
The troll barely misses you.
The troll claws you but does no damage. x2
You hit the troll.
The troll looks as sick as possible!
The troll is severely wounded.
You block the troll's attack. The troll closely misses you.
The troll claws you!
* * * LOW HITPOINT WARNING * * *
A gnoll comes into view. It is wielding a +0 club.
You barely miss the troll.
The troll is severely wounded.
The gnoll shouts!
The troll bites you.
* * * LOW HITPOINT WARNING * * *
The troll claws you.
* * * LOW HITPOINT WARNING * * *
The troll claws you but does no damage. The troll bites you.
You die...

## #.##
#..######..
##.@Th.g.g.
##..######..
#..## ##.##
##..# #..##
##.## ##..#
##..##


You could see a troll (extremely poisoned), a hound and 2 gnolls.

Vanquished Creatures
  Edmund (D:4)
  A scorpion (D:4)
  A jelly (D:4)
  A bombardier beetle (D:4)
  A hound (D:4)
  An orc priest (D:4)
  2 iguanas
  A sleepcap (D:5)
  3 gnolls (D:5)
  5 adders
  2 dart slugs
  4 orcs
  6 ball pythons
  4 bats
  3 endoplasms
  5 giant cockroaches
  3 hobgoblins
  3 jackals (D:4)
  4 quokkas
  3 frilled lizards
  7 goblins
  5 kobolds
  7 rats
73 creatures vanquished.

Notes
Turn   | Place    | Note
-------+----------+-------------------------------------------
     0 | D:1      | Yore the Gargoyle Fighter began the quest for the Orb.
     0 | D:1      | Reached XP level 1. HP: 14/14 MP: 1/1
   192 | D:1      | Reached XP level 2. HP: 19/19 MP: 2/2
   810 | D:1      | Reached XP level 3. HP: 24/24 MP: 3/3
  1009 | D:2      | Found Ashrics's Weapon Emporium.
  1554 | D:3      | Reached skill level 4 in Fighting
  1749 | D:3      | Reached XP level 4. HP: 24/29 MP: 4/4
  2112 | D:3      | Identified the +0 robe of Grottiness {rCorr Dex+4}
  2241 | D:3      | Found a shimmering blue altar of Sif Muna.
  2318 | D:3      | Found a glowing silver altar of Zin.
  2406 | D:4      | Noticed a scorpion
  2437 | D:4      | Killed a scorpion
  2438 | D:4      | Reached skill level 5 in Fighting
  2438 | D:4      | Reached XP level 5. HP: 18/35 MP: 5/5
  2718 | D:4      | Reached skill level 6 in Fighting
  2718 | D:4      | Reached XP level 6. HP: 35/41 MP: 6/6
  2922 | D:4      | Noticed Edmund
  2930 | D:4      | Killed Edmund
  3360 | D:5      | Entered Level 5 of the Dungeon
  3369 | D:4      | Reached skill level 7 in Fighting
  3369 | D:4      | Reached XP level 7. HP: 47/48 MP: 7/7
  3754 | D:5      | Noticed a troll
  3767 | D:5      | Slain by a troll

Illustrated notes

Levels and vault maps discovered:
D:1:      amcnicky_arrival_blooded_trapdoor, layout_basic
D:2:      minmay_door_path, layout_basic, serial_shops, shop
D:3:      layout_loops_corners, zin_scriptorium, led_sif_pool, minivault_11,
          minmay_misc_feat_columns, due_unseen_surprise
D:4:      layout_gridville, uniq_edmund
D:5:      layout_cave_pods, mainiacjoe_overflow_surrounded_room, serial_shops,
          shop, st_stairs_4

Skill      XL: |  1  2  3  4  5  6 |
---------------+-------------------+-----
Fighting       | 4 5 6 7 |  7.4
Maces & Flails | 3 4 |  4.9
Shields        | 4 |  4.0
Armour         | 4 |  4.7

Action                     |  1- 3 |  4- 6 |  7- 9 || total
---------------------------+-------+-------+-------++-------
  Melee: Flail             |   114 |   120 |    38 ||   272
    Use: Potion            |       |     1 |     1 ||     2
 Armour: Scale mail        |    20 |       |       ||    20
         Ring mail         |    70 |    78 |    50 ||   198
  Dodge: Dodged            |    55 |    63 |    20 ||   138
  Block: Buckler           |    31 |    26 |     7 ||    64
